[ AOE2 MATCH · #485676844 ]
UnrankedHindustanis vs Huns
[ REPLAY ANALYSIS · EXTRACTED FROM THE RECORDED GAME ]
Feudal
11:25
Castle
15:16
Imperial
25:58
| APM avg | 73.7 |
| APM peak | 117 |
| eAPM avg | 45.6 |
| Villagers / military | 188 / 158 |
Focus
⚔️ 33.4% · 🌾 66.6%
Camel Scout ×152 · Fishing Ship ×18 · Monk ×2 · Scout Cavalry ×2 · Trebuchet (Packed) ×2
Feudal
10:45
Castle
15:38
Imperial
20:37
| APM avg | 48.1 |
| APM peak | 87 |
| eAPM avg | 24.3 |
| Villagers / military | 128 / 43 |
Focus
⚔️ 29.9% · 🌾 70.1%
Rattan Archer ×39 · Trebuchet (Packed) ×4
Feudal
10:07
Castle
14:14
Imperial
27:07
| APM avg | 41.7 |
| APM peak | 89 |
| eAPM avg | 24.7 |
| Villagers / military | 123 / 141 |
Focus
⚔️ 40.2% · 🌾 59.8%
Spearman ×111 · Knight ×30
Feudal
11:34
Castle
15:27
Imperial
24:39
| APM avg | 40.6 |
| APM peak | 86 |
| eAPM avg | 22.5 |
| Villagers / military | 162 / 101 |
Focus
⚔️ 24.2% · 🌾 75.8%
Scout Cavalry ×99 · Trebuchet (Packed) ×2
Feudal
12:18
Castle
15:55
Imperial
24:45
| APM avg | 47.8 |
| APM peak | 77 |
| eAPM avg | 31.7 |
| Villagers / military | 155 / 103 |
Focus
⚔️ 24.0% · 🌾 76.0%
Cavalry Archer ×74 · Fishing Ship ×40 · Spearman ×22 · Skirmisher ×7
Feudal
10:55
Castle
15:18
Imperial
23:22
| APM avg | 26.1 |
| APM peak | 48 |
| eAPM avg | 18.5 |
| Villagers / military | 95 / 21 |
Focus
⚔️ 29.8% · 🌾 70.2%
Fishing Ship ×25 · Kamayuk ×14 · Trebuchet (Packed) ×7
Feudal
8:42
Castle
12:39
Imperial
25:27
| APM avg | 48.9 |
| APM peak | 76 |
| eAPM avg | 29.1 |
| Villagers / military | 172 / 91 |
Focus
⚔️ 27.5% · 🌾 72.5%
Knight ×91
Feudal
11:00
Castle
15:02
Imperial
19:39
| APM avg | 56.7 |
| APM peak | 90 |
| eAPM avg | 32.2 |
| Villagers / military | 120 / 36 |
Focus
⚔️ 45.8% · 🌾 54.2%
Plumed Archer ×31 · Trebuchet (Packed) ×5
Match map
Initial resources + every placement click. Lines = walls · curves = elevation contours. ◆ gold · ⬟ stone · ● berries · ✦ relic · ◌ wall gap
Your base· Open — unwalled flank
Skorpiem's base· Open — unwalled flank
WonderHD11's base· Open — unwalled flank
[BÜN] Mr. Grüezi's base· Open — unwalled flank
Lauth3's base· Open — 7t gap
bav_tarantula's base· Open — unwalled flank
Hash-'s base· Open — unwalled flank
Seeage92's base· Open — 5t gap
Smoothed initial terrain · ◌ = detected wall gap · hover for details
Inputs per minute
— Jorge Garcia - - Skorpiem
Build order — Jorge Garcia
First 150 of 546 actions detected
| 0:02 | Create | Villager (Male) |
| 0:03 | Build | House |
| 0:04 | Build | House |
| 0:06 | Create | Villager (Male) |
| 0:07 | Create | Villager (Male) |
| 0:08 | Create | Villager (Male) |
| 0:09 | Build | House |
| 0:10 | Build | House |
| 0:30 | Research | Loom |
| 0:54 | Create | Villager (Male) |
| 0:54 | Create | Villager (Male) |
| 1:09 | Create | Villager (Male) |
| 1:24 | Create | Villager (Male) |
| 1:24 | Create | Villager (Male) |
| 1:38 | Create | Villager (Male) |
| 1:39 | Create | Villager (Male) |
| 1:59 | Build | Lumber Camp |
| 2:10 | Create | Villager (Male) |
| 2:10 | Create | Villager (Male) |
| 2:19 | Create | Villager (Male) |
| 2:27 | Create | Villager (Male) |
| 2:27 | Create | Villager (Male) |
| 2:44 | Research | Loom |
| 2:51 | Create | Villager (Male) |
| 2:51 | Create | Villager (Male) |
| 2:54 | Create | Villager (Male) |
| 3:03 | Create | Villager (Male) |
| 3:38 | Create | Villager (Male) |
| 3:44 | Create | Villager (Male) |
| 3:48 | Create | Villager (Male) |
| 3:53 | Build | House |
| 4:10 | Create | Villager (Male) |
| 4:22 | Create | Villager (Male) |
| 4:22 | Create | Villager (Male) |
| 4:23 | Create | Villager (Male) |
| 4:26 | Build | House |
| 4:41 | Create | Villager (Male) |
| 4:41 | Create | Villager (Male) |
| 4:56 | Create | Villager (Male) |
| 5:04 | Create | Villager (Male) |
| 5:05 | Create | Villager (Male) |
| 5:05 | Create | Villager (Male) |
| 5:10 | Create | Villager (Male) |
| 5:14 | Create | Villager (Male) |
| 5:20 | Create | Villager (Male) |
| 5:33 | Create | Villager (Male) |
| 5:44 | Build | Dock |
| 5:50 | Create | Villager (Male) |
| 5:56 | Build | House |
| 6:08 | Create | Villager (Male) |
| 6:09 | Create | Villager (Male) |
| 6:20 | Create | Villager (Male) |
| 6:27 | Create | Fishing Ship |
| 6:27 | Create | Fishing Ship |
| 6:43 | Create | Villager (Male) |
| 6:55 | Create | Fishing Ship |
| 6:55 | Create | Fishing Ship |
| 7:07 | Create | Villager (Male) |
| 7:08 | Create | Villager (Male) |
| 7:09 | Create | Villager (Male) |
| 7:12 | Build | House |
| 7:30 | Create | Villager (Male) |
| 7:44 | Create | Villager (Male) |
| 7:45 | Build | House |
| 8:06 | Create | Villager (Male) |
| 8:07 | Build | House |
| 8:15 | Create | Fishing Ship |
| 8:38 | Build | House |
| 8:38 | Research | Feudal Age |
| 8:38 | Research | Feudal Age |
| 8:40 | Research | Loom |
| 8:53 | Build | Mining Camp |
| 9:28 | Build | Mill |
| 9:34 | Create | Villager (Male) |
| 9:45 | Build | Lumber Camp |
| 10:01 | Build | Lumber Camp |
| 10:12 | Create | Villager (Male) |
| 10:21 | Create | Fishing Ship |
| 10:40 | Build | Barracks |
| 10:48 | Create | Villager (Male) |
| 10:49 | Create | Villager (Male) |
| 11:25 | Age | Feudal Age |
| 11:27 | Build | Blacksmith |
| 11:31 | Create | Fishing Ship |
| 11:33 | Create | Villager (Male) |
| 11:36 | Research | Double-Bit Axe |
| 11:36 | Research | Double-Bit Axe |
| 11:41 | Build | Stable |
| 11:47 | Create | Villager (Male) |
| 11:49 | Create | Villager (Male) |
| 11:51 | Research | Gold Mining |
| 11:51 | Research | Gold Mining |
| 11:52 | Research | Horse Collar |
| 11:52 | Research | Horse Collar |
| 11:53 | Create | Fishing Ship |
| 11:57 | Build | Dock |
| 12:06 | Build | Lumber Camp |
| 12:06 | Create | Villager (Male) |
| 12:27 | Build | House |
| 12:36 | Build | Stable |
| 12:36 | Research | Castle Age |
| 12:36 | Research | Castle Age |
| 12:37 | Create | Villager (Male) |
| 12:39 | Research | Forging |
| 12:39 | Research | Scale Barding Armor |
| 12:40 | Research | Scale Barding Armor |
| 12:40 | Create | Villager (Male) |
| 12:44 | Create | Villager (Male) |
| 12:52 | Build | Farm |
| 12:53 | Build | Farm |
| 12:54 | Build | Farm |
| 12:54 | Build | Farm |
| 12:56 | Build | Farm |
| 12:57 | Build | Farm |
| 13:00 | Create | Villager (Male) |
| 13:10 | Build | Farm |
| 13:11 | Create | Villager (Male) |
| 13:11 | Create | Villager (Male) |
| 13:14 | Build | Farm |
| 13:14 | Build | Farm |
| 13:16 | Build | Farm |
| 13:19 | Build | Farm |
| 13:20 | Build | Farm |
| 13:21 | Build | Farm |
| 13:25 | Create | Fishing Ship |
| 13:25 | Create | Fishing Ship |
| 13:32 | Build | Farm |
| 13:34 | Build | Farm |
| 13:36 | Build | Farm |
| 13:45 | Build | Farm |
| 13:45 | Create | Villager (Male) |
| 13:46 | Create | Villager (Male) |
| 13:58 | Build | Farm |
| 14:00 | Create | Villager (Male) |
| 14:02 | Build | Mill |
| 14:07 | Create | Fishing Ship |
| 14:07 | Create | Fishing Ship |
| 14:08 | Create | Fishing Ship |
| 14:08 | Create | Fishing Ship |
| 14:12 | Create | Villager (Male) |
| 14:15 | Build | House |
| 14:25 | Build | House |
| 14:26 | Build | House |
| 14:36 | Research | Bloodlines |
| 14:36 | Research | Bloodlines |
| 14:39 | Build | Stable |
| 14:41 | Create | Villager (Male) |
| 14:52 | Create | Fishing Ship |
| 14:52 | Create | Fishing Ship |
| 14:58 | Create | Villager (Male) |
Build order — Skorpiem
First 150 of 297 actions detected
| 0:02 | Create | Villager (Male) |
| 0:02 | Create | Villager (Male) |
| 0:04 | Build | House |
| 0:05 | Build | House |
| 0:16 | Create | Villager (Male) |
| 0:17 | Create | Villager (Male) |
| 0:17 | Create | Villager (Male) |
| 0:53 | Research | Loom |
| 0:53 | Research | Loom |
| 1:26 | Create | Villager (Male) |
| 1:27 | Create | Villager (Male) |
| 1:46 | Create | Villager (Male) |
| 1:46 | Create | Villager (Male) |
| 2:00 | Create | Villager (Male) |
| 2:01 | Create | Villager (Male) |
| 2:17 | Create | Villager (Male) |
| 2:45 | Create | Villager (Male) |
| 2:47 | Create | Villager (Male) |
| 2:48 | Create | Villager (Male) |
| 2:48 | Create | Villager (Male) |
| 3:16 | Create | Villager (Male) |
| 3:16 | Create | Villager (Male) |
| 3:37 | Create | Villager (Male) |
| 3:37 | Create | Villager (Male) |
| 3:41 | Build | House |
| 4:02 | Create | Villager (Male) |
| 4:03 | Create | Villager (Male) |
| 4:03 | Create | Villager (Male) |
| 4:04 | Create | Villager (Male) |
| 4:24 | Build | House |
| 4:29 | Create | Villager (Male) |
| 4:43 | Create | Villager (Male) |
| 4:50 | Create | Villager (Male) |
| 4:51 | Create | Villager (Male) |
| 5:15 | Create | Villager (Male) |
| 5:16 | Create | Villager (Male) |
| 5:38 | Build | Lumber Camp |
| 5:39 | Create | Villager (Male) |
| 5:39 | Create | Villager (Male) |
| 5:52 | Create | Villager (Male) |
| 5:52 | Create | Villager (Male) |
| 5:57 | Create | Villager (Male) |
| 5:58 | Create | Villager (Male) |
| 5:59 | Create | Villager (Male) |
| 5:59 | Create | Villager (Male) |
| 6:38 | Build | House |
| 6:45 | Create | Villager (Male) |
| 6:45 | Create | Villager (Male) |
| 6:45 | Create | Villager (Male) |
| 6:56 | Create | Villager (Male) |
| 6:57 | Create | Villager (Male) |
| 6:57 | Create | Villager (Male) |
| 6:58 | Create | Villager (Male) |
| 7:33 | Build | Mill |
| 7:41 | Create | Villager (Male) |
| 7:52 | Build | House |
| 7:59 | Create | Villager (Male) |
| 7:59 | Create | Villager (Male) |
| 7:59 | Create | Villager (Male) |
| 8:11 | Create | Villager (Male) |
| 8:12 | Create | Villager (Male) |
| 8:12 | Create | Villager (Male) |
| 8:21 | Build | House |
| 8:29 | Research | Feudal Age |
| 8:33 | Build | Mining Camp |
| 8:43 | Create | Villager (Male) |
| 8:59 | Build | Mill |
| 9:41 | Build | Lumber Camp |
| 9:45 | Build | Mill |
| 10:04 | Create | Villager (Male) |
| 10:06 | Create | Villager (Male) |
| 10:06 | Create | Villager (Male) |
| 10:40 | Build | Barracks |
| 10:45 | Age | Feudal Age |
| 11:13 | Build | House |
| 11:33 | Build | Market |
| 11:35 | Create | Villager (Male) |
| 11:36 | Create | Villager (Male) |
| 11:57 | Build | Blacksmith |
| 12:04 | Create | Villager (Male) |
| 12:20 | Build | Mining Camp |
| 12:53 | Create | Villager (Male) |
| 12:53 | Create | Villager (Male) |
| 12:54 | Create | Villager (Male) |
| 12:58 | Research | Castle Age |
| 12:58 | Research | Castle Age |
| 13:09 | Build | House |
| 13:11 | Build | House |
| 13:17 | Build | House |
| 13:19 | Build | Palisade Wall |
| 13:22 | Build | Palisade Wall |
| 13:26 | Build | Palisade Gate |
| 13:28 | Build | House |
| 13:29 | Build | Palisade Wall |
| 13:35 | Build | House |
| 13:39 | Create | Villager (Male) |
| 13:41 | Research | Horse Collar |
| 13:42 | Research | Double-Bit Axe |
| 13:43 | Research | Gold Mining |
| 13:45 | Research | Stone Mining |
| 13:48 | Research | Stone Mining |
| 13:48 | Research | Stone Mining |
| 13:51 | Build | Farm |
| 13:52 | Build | Farm |
| 13:53 | Build | Farm |
| 14:00 | Create | Villager (Male) |
| 14:01 | Create | Villager (Male) |
| 14:02 | Create | Villager (Male) |
| 14:02 | Create | Villager (Male) |
| 14:02 | Create | Villager (Male) |
| 14:17 | Build | Palisade Wall |
| 14:20 | Build | Palisade Wall |
| 14:29 | Research | Wheelbarrow |
| 14:29 | Research | Town Watch |
| 14:29 | Research | Town Watch |
| 14:35 | Build | House |
| 14:42 | Build | Palisade Wall |
| 15:01 | Build | Farm |
| 15:02 | Build | Farm |
| 15:02 | Build | Farm |
| 15:09 | Build | House |
| 15:10 | Build | House |
| 15:18 | Build | Lumber Camp |
| 15:28 | Create | Villager (Male) |
| 15:28 | Create | Villager (Male) |
| 15:31 | Build | Farm |
| 15:38 | Age | Castle Age |
| 15:49 | Build | Castle |
| 16:10 | Build | Farm |
| 16:36 | Build | Farm |
| 17:27 | Research | Imperial Age |
| 17:27 | Research | Imperial Age |
| 17:49 | Build | Farm |
| 17:55 | Build | University |
| 17:58 | Create | Villager (Male) |
| 17:58 | Create | Villager (Male) |
| 18:13 | Build | Stone Wall |
| 18:18 | Build | Stone Wall |
| 18:38 | Build | Stone Wall |
| 18:45 | Build | Town Center |
| 18:48 | Research | Bow Saw |
| 18:59 | Build | Market |
| 19:01 | Create | Villager (Male) |
| 19:23 | Research | Ballistics |
| 19:23 | Research | Ballistics |
| 19:40 | Build | Mining Camp |
| 20:03 | Build | Blacksmith |
| 20:11 | Create | Villager (Male) |
| 20:14 | Create | Villager (Male) |
| 20:15 | Create | Villager (Male) |
Build order — WonderHD11
First 150 of 383 actions detected
| 0:02 | Create | Villager (Male) |
| 0:02 | Create | Villager (Male) |
| 0:07 | Create | Villager (Male) |
| 0:13 | Create | Villager (Male) |
| 0:13 | Create | Villager (Male) |
| 0:57 | Research | Loom |
| 0:58 | Create | Villager (Male) |
| 1:23 | Create | Villager (Male) |
| 1:41 | Create | Villager (Male) |
| 1:56 | Create | Villager (Male) |
| 2:15 | Create | Villager (Male) |
| 2:15 | Create | Villager (Male) |
| 2:17 | Create | Villager (Male) |
| 2:17 | Create | Villager (Male) |
| 2:48 | Create | Villager (Male) |
| 2:49 | Create | Villager (Male) |
| 2:55 | Create | Villager (Male) |
| 2:56 | Create | Villager (Male) |
| 2:56 | Create | Villager (Male) |
| 3:11 | Build | Mill |
| 3:17 | Create | Villager (Male) |
| 3:17 | Create | Villager (Male) |
| 3:42 | Create | Villager (Male) |
| 3:49 | Create | Villager (Male) |
| 3:51 | Create | Villager (Male) |
| 4:02 | Create | Villager (Male) |
| 4:04 | Create | Villager (Male) |
| 4:05 | Create | Villager (Male) |
| 4:15 | Build | Lumber Camp |
| 4:21 | Create | Villager (Male) |
| 4:42 | Create | Villager (Male) |
| 4:42 | Create | Villager (Male) |
| 4:54 | Create | Villager (Male) |
| 4:58 | Create | Villager (Male) |
| 5:12 | Create | Villager (Male) |
| 5:17 | Create | Villager (Male) |
| 5:18 | Create | Villager (Male) |
| 5:30 | Create | Villager (Male) |
| 5:38 | Build | Mill |
| 5:42 | Create | Villager (Male) |
| 5:42 | Create | Villager (Male) |
| 5:58 | Create | Villager (Male) |
| 5:58 | Create | Villager (Male) |
| 6:21 | Build | Mill |
| 6:26 | Create | Villager (Male) |
| 6:30 | Create | Villager (Male) |
| 6:46 | Build | Mill |
| 6:46 | Create | Villager (Male) |
| 6:57 | Create | Villager (Male) |
| 6:58 | Create | Villager (Male) |
| 6:59 | Create | Villager (Male) |
| 7:09 | Create | Villager (Male) |
| 7:10 | Create | Villager (Male) |
| 7:21 | Create | Villager (Male) |
| 7:21 | Create | Villager (Male) |
| 7:33 | Create | Villager (Male) |
| 7:54 | Build | Mining Camp |
| 7:57 | Research | Feudal Age |
| 8:04 | Create | Villager (Male) |
| 8:06 | Create | Villager (Male) |
| 8:14 | Create | Villager (Male) |
| 8:33 | Create | Villager (Male) |
| 8:46 | Create | Villager (Male) |
| 8:51 | Create | Villager (Male) |
| 9:06 | Create | Villager (Male) |
| 9:08 | Build | Barracks |
| 9:43 | Build | Palisade Wall |
| 9:46 | Build | Palisade Wall |
| 9:51 | Build | Palisade Wall |
| 9:52 | Build | Palisade Wall |
| 9:55 | Build | Palisade Wall |
| 9:58 | Build | Palisade Wall |
| 10:07 | Age | Feudal Age |
| 10:10 | Create | Spearman |
| 10:12 | Create | Villager (Male) |
| 10:28 | Build | Palisade Gate |
| 10:30 | Create | Villager (Male) |
| 10:46 | Create | Villager (Male) |
| 10:49 | Build | Market |
| 10:54 | Create | Villager (Male) |
| 10:56 | Build | Blacksmith |
| 11:01 | Create | Villager (Male) |
| 11:12 | Create | Spearman |
| 11:29 | Research | Castle Age |
| 11:29 | Research | Castle Age |
| 11:45 | Build | Palisade Wall |
| 11:57 | Build | Lumber Camp |
| 12:04 | Create | Villager (Male) |
| 12:05 | Create | Villager (Male) |
| 12:13 | Research | Double-Bit Axe |
| 12:23 | Create | Villager (Male) |
| 12:41 | Create | Villager (Male) |
| 12:45 | Build | Stable |
| 12:53 | Create | Spearman |
| 12:55 | Create | Villager (Male) |
| 13:19 | Build | Stable |
| 13:23 | Research | Wheelbarrow |
| 13:30 | Research | Horse Collar |
| 13:50 | Build | Stable |
| 13:54 | Create | Villager (Male) |
| 14:08 | Create | Villager (Male) |
| 14:14 | Age | Castle Age |
| 14:16 | Create | Knight |
| 14:16 | Create | Knight |
| 14:20 | Build | Town Center |
| 14:28 | Research | Bow Saw |
| 14:44 | Create | Knight |
| 14:46 | Create | Villager (Male) |
| 14:49 | Create | Knight |
| 14:59 | Build | Town Center |
| 14:59 | Create | Villager (Male) |
| 15:01 | Create | Villager (Male) |
| 15:15 | Research | Husbandry |
| 15:17 | Create | Knight |
| 15:17 | Create | Knight |
| 15:29 | Build | Palisade Wall |
| 15:33 | Build | Palisade Wall |
| 15:38 | Create | Knight |
| 15:38 | Create | Knight |
| 15:43 | Build | Farm |
| 15:44 | Build | Farm |
| 15:44 | Build | Farm |
| 15:44 | Build | Farm |
| 15:44 | Build | Farm |
| 15:45 | Build | Farm |
| 15:52 | Build | Farm |
| 15:52 | Build | Farm |
| 15:52 | Build | Farm |
| 15:52 | Build | Farm |
| 15:53 | Build | Farm |
| 15:54 | Create | Villager (Male) |
| 15:55 | Create | Villager (Male) |
| 15:55 | Create | Villager (Male) |
| 16:18 | Create | Spearman |
| 16:27 | Build | Farm |
| 16:27 | Build | Farm |
| 16:27 | Build | Farm |
| 16:28 | Build | Farm |
| 16:28 | Build | Farm |
| 16:36 | Build | Palisade Wall |
| 16:40 | Create | Villager (Male) |
| 16:44 | Create | Villager (Male) |
| 16:45 | Create | Villager (Male) |
| 16:51 | Build | Farm |
| 16:53 | Build | Farm |
| 16:54 | Build | Farm |
| 16:54 | Build | Farm |
| 17:12 | Create | Villager (Male) |
| 17:12 | Create | Villager (Male) |
| 17:14 | Build | Farm |
Build order — [BÜN] Mr. Grüezi
First 150 of 386 actions detected
| 0:02 | Create | Villager (Male) ×4 |
| 0:03 | Create | Villager (Male) |
| 0:08 | Research | Loom |
| 0:10 | Build | House |
| 0:11 | Build | House |
| 0:13 | Build | House |
| 0:14 | Build | House |
| 0:33 | Create | Villager (Male) |
| 0:33 | Create | Villager (Male) |
| 1:15 | Create | Villager (Male) |
| 1:35 | Create | Villager (Male) |
| 1:35 | Create | Villager (Male) |
| 1:49 | Create | Villager (Male) |
| 1:49 | Create | Villager (Male) |
| 2:19 | Create | Villager (Male) |
| 2:20 | Create | Villager (Male) |
| 2:28 | Create | Villager (Male) |
| 2:29 | Create | Villager (Male) |
| 2:41 | Create | Villager (Male) |
| 2:41 | Create | Villager (Male) |
| 2:51 | Create | Villager (Male) |
| 2:52 | Build | Lumber Camp |
| 3:07 | Create | Villager (Male) |
| 3:07 | Create | Villager (Male) |
| 3:30 | Create | Villager (Male) ×2 |
| 3:43 | Create | Villager (Male) |
| 3:45 | Create | Villager (Male) |
| 3:45 | Create | Villager (Male) |
| 4:13 | Create | Villager (Male) |
| 4:13 | Create | Villager (Male) |
| 4:18 | Create | Villager (Male) |
| 4:19 | Create | Villager (Male) |
| 4:22 | Build | House |
| 4:25 | Build | House |
| 4:39 | Create | Villager (Male) |
| 4:47 | Create | Villager (Male) |
| 4:47 | Create | Villager (Male) |
| 4:55 | Build | House |
| 4:56 | Build | House |
| 5:04 | Create | Villager (Male) |
| 5:04 | Create | Villager (Male) |
| 5:08 | Create | Villager (Male) |
| 5:12 | Create | Villager (Male) |
| 5:12 | Create | Villager (Male) |
| 5:33 | Build | Mill |
| 5:37 | Create | Villager (Male) |
| 5:50 | Build | House |
| 6:04 | Create | Villager (Male) |
| 6:04 | Create | Villager (Male) |
| 6:15 | Create | Villager (Male) |
| 6:19 | Create | Villager (Male) |
| 6:24 | Create | Villager (Male) |
| 6:49 | Create | Villager (Male) |
| 6:54 | Create | Villager (Male) |
| 7:02 | Build | House |
| 7:07 | Create | Villager (Male) |
| 7:27 | Build | Mill |
| 7:33 | Build | House |
| 7:42 | Create | Villager (Male) |
| 7:42 | Create | Villager (Male) |
| 7:48 | Create | Villager (Male) |
| 7:56 | Create | Villager (Male) |
| 8:07 | Build | House |
| 8:11 | Build | Palisade Wall |
| 8:30 | Create | Villager (Male) |
| 8:31 | Create | Villager (Male) |
| 8:46 | Build | House |
| 8:57 | Create | Villager (Male) |
| 8:58 | Create | Villager (Male) |
| 9:09 | Research | Feudal Age |
| 9:11 | Build | Mining Camp |
| 9:27 | Create | Villager (Male) |
| 9:27 | Create | Villager (Male) |
| 10:08 | Create | Villager (Male) |
| 10:16 | Build | House |
| 10:21 | Create | Villager (Male) |
| 10:37 | Create | Villager (Male) |
| 10:58 | Create | Villager (Male) |
| 11:20 | Build | Lumber Camp |
| 11:33 | Build | Lumber Camp |
| 11:33 | Create | Villager (Male) |
| 11:34 | Age | Feudal Age |
| 11:37 | Build | Market |
| 11:42 | Build | Blacksmith |
| 11:49 | Create | Villager (Male) |
| 11:49 | Create | Villager (Male) |
| 12:01 | Create | Villager (Male) |
| 12:04 | Create | Villager (Male) |
| 12:21 | Research | Castle Age |
| 12:23 | Research | Double-Bit Axe |
| 12:25 | Create | Villager (Male) |
| 12:30 | Build | Outpost |
| 12:50 | Create | Villager (Male) |
| 12:57 | Research | Horse Collar |
| 13:01 | Research | Gold Mining |
| 13:01 | Research | Stone Mining |
| 13:03 | Research | Gold Mining |
| 13:15 | Create | Villager (Male) |
| 13:22 | Build | Outpost |
| 13:53 | Create | Villager (Male) |
| 13:54 | Create | Villager (Male) |
| 14:09 | Create | Villager (Male) |
| 14:56 | Build | Outpost |
| 15:03 | Create | Villager (Male) |
| 15:27 | Age | Castle Age |
| 15:30 | Build | Castle |
| 15:34 | Create | Villager (Male) |
| 15:35 | Research | Bow Saw |
| 15:37 | Create | Villager (Male) |
| 15:40 | Research | Heavy Plow |
| 15:41 | Research | Wheelbarrow |
| 15:43 | Research | Town Watch |
| 16:00 | Build | House |
| 16:02 | Build | House |
| 16:13 | Build | Lumber Camp |
| 16:14 | Create | Villager (Male) |
| 16:16 | Create | Villager (Male) |
| 16:16 | Create | Villager (Male) |
| 16:39 | Build | Mill |
| 16:40 | Build | Farm |
| 16:40 | Build | Farm |
| 16:41 | Build | Farm |
| 16:41 | Build | Farm |
| 16:41 | Build | Farm |
| 16:41 | Build | Farm |
| 16:42 | Build | Farm |
| 16:43 | Build | Farm |
| 16:44 | Create | Villager (Male) |
| 16:56 | Build | Mill |
| 16:57 | Build | Farm |
| 16:57 | Build | Farm |
| 16:58 | Build | Farm |
| 16:58 | Build | Farm |
| 16:58 | Build | Farm |
| 16:59 | Build | Farm |
| 16:59 | Build | Farm |
| 17:00 | Build | Farm |
| 17:05 | Build | Town Center |
| 17:10 | Build | Town Center |
| 17:18 | Create | Villager (Male) |
| 17:27 | Create | Villager (Male) |
| 17:33 | Build | Town Center |
| 17:40 | Build | Lumber Camp |
| 17:42 | Create | Villager (Male) |
| 17:52 | Build | Farm |
| 17:53 | Create | Villager (Male) |
| 17:55 | Build | Farm |
| 17:56 | Build | Farm |
| 17:59 | Build | Farm |
| 18:01 | Build | Farm |
Build order — Lauth3
First 150 of 399 actions detected
| 0:03 | Create | Villager (Male) |
| 0:04 | Create | Villager (Male) |
| 0:05 | Build | House |
| 0:06 | Build | House |
| 0:11 | Create | Villager (Male) |
| 0:11 | Create | Villager (Male) |
| 0:11 | Create | Villager (Male) |
| 0:42 | Research | Loom |
| 0:59 | Create | Villager (Male) |
| 0:59 | Create | Villager (Male) |
| 1:14 | Create | Villager (Male) |
| 1:15 | Create | Villager (Male) |
| 1:35 | Create | Villager (Male) |
| 1:35 | Create | Villager (Male) |
| 1:35 | Create | Villager (Male) |
| 1:57 | Create | Villager (Male) |
| 1:57 | Create | Villager (Male) |
| 1:58 | Create | Villager (Male) |
| 2:01 | Build | House |
| 2:13 | Create | Villager (Male) |
| 2:13 | Create | Villager (Male) |
| 2:15 | Build | Lumber Camp |
| 2:26 | Create | Villager (Male) |
| 2:26 | Create | Villager (Male) |
| 2:30 | Build | Lumber Camp |
| 2:38 | Create | Villager (Male) |
| 2:39 | Create | Villager (Male) |
| 2:54 | Create | Villager (Male) |
| 2:54 | Create | Villager (Male) |
| 3:10 | Create | Villager (Male) |
| 3:11 | Create | Villager (Male) |
| 3:13 | Create | Villager (Male) |
| 3:14 | Create | Villager (Male) |
| 3:21 | Build | House |
| 3:25 | Create | Villager (Male) |
| 3:25 | Create | Villager (Male) |
| 3:45 | Create | Villager (Male) |
| 3:45 | Create | Villager (Male) |
| 3:45 | Create | Villager (Male) |
| 3:56 | Build | House |
| 4:02 | Create | Villager (Male) |
| 4:03 | Create | Villager (Male) |
| 4:24 | Create | Villager (Male) |
| 4:24 | Create | Villager (Male) |
| 4:29 | Create | Villager (Male) |
| 4:29 | Create | Villager (Male) |
| 4:29 | Create | Villager (Male) |
| 4:43 | Create | Villager (Male) |
| 4:43 | Create | Villager (Male) |
| 4:43 | Create | Villager (Male) |
| 4:46 | Build | Dock |
| 4:52 | Create | Villager (Male) |
| 4:52 | Create | Villager (Male) |
| 5:06 | Create | Villager (Male) |
| 5:06 | Create | Villager (Male) |
| 5:15 | Build | Mill |
| 5:23 | Create | Villager (Male) |
| 5:23 | Create | Villager (Male) |
| 5:25 | Create | Fishing Ship |
| 5:26 | Create | Fishing Ship |
| 5:35 | Build | House |
| 5:46 | Build | House |
| 5:57 | Create | Villager (Male) |
| 5:57 | Create | Villager (Male) |
| 5:58 | Create | Villager (Male) |
| 6:02 | Build | House |
| 6:03 | Create | Fishing Ship |
| 6:20 | Create | Villager (Male) |
| 6:20 | Create | Villager (Male) |
| 6:30 | Build | Dock |
| 6:37 | Build | House |
| 6:42 | Build | House |
| 6:43 | Build | Palisade Wall |
| 6:47 | Create | Villager (Male) |
| 6:55 | Create | Fishing Ship |
| 7:10 | Create | Villager (Male) |
| 7:14 | Build | Mill |
| 7:19 | Build | House |
| 7:26 | Create | Villager (Male) |
| 7:29 | Build | Mill |
| 7:31 | Create | Villager (Male) |
| 7:31 | Create | Villager (Male) |
| 7:31 | Create | Villager (Male) |
| 7:38 | Build | Mining Camp |
| 7:41 | Build | House |
| 7:43 | Create | Villager (Male) |
| 7:44 | Create | Villager (Male) |
| 7:48 | Create | Villager (Male) |
| 7:48 | Create | Villager (Male) |
| 7:49 | Create | Fishing Ship |
| 7:52 | Create | Fishing Ship |
| 7:52 | Create | Fishing Ship |
| 8:12 | Build | Lumber Camp |
| 8:18 | Create | Villager (Male) |
| 8:22 | Build | House |
| 8:24 | Build | House |
| 8:31 | Create | Fishing Ship |
| 8:35 | Build | House |
| 8:39 | Create | Villager (Male) |
| 8:39 | Create | Villager (Male) |
| 8:46 | Create | Villager (Male) |
| 8:46 | Create | Villager (Male) |
| 8:47 | Create | Fishing Ship |
| 8:48 | Create | Fishing Ship |
| 8:56 | Create | Villager (Male) |
| 8:56 | Create | Villager (Male) |
| 9:04 | Build | Dock |
| 9:17 | Create | Fishing Ship |
| 9:17 | Create | Fishing Ship |
| 9:17 | Create | Fishing Ship |
| 9:19 | Create | Villager (Male) |
| 9:39 | Create | Villager (Male) |
| 9:49 | Create | Fishing Ship |
| 9:50 | Create | Fishing Ship |
| 9:50 | Create | Fishing Ship |
| 9:50 | Create | Fishing Ship |
| 10:03 | Create | Villager (Male) |
| 10:08 | Research | Feudal Age |
| 10:09 | Research | Feudal Age |
| 10:30 | Create | Fishing Ship |
| 10:30 | Create | Fishing Ship |
| 10:32 | Create | Fishing Ship |
| 10:32 | Create | Fishing Ship |
| 10:33 | Create | Fishing Ship |
| 10:46 | Create | Fishing Ship |
| 10:46 | Create | Fishing Ship |
| 11:17 | Create | Villager (Male) |
| 11:28 | Create | Fishing Ship |
| 11:28 | Create | Fishing Ship |
| 11:28 | Create | Fishing Ship |
| 11:48 | Build | Dock |
| 11:57 | Create | Villager (Male) |
| 11:57 | Create | Villager (Male) |
| 11:57 | Create | Villager (Male) |
| 12:14 | Create | Villager (Male) |
| 12:18 | Age | Feudal Age |
| 12:20 | Build | Blacksmith |
| 12:22 | Build | Market |
| 12:24 | Create | Villager (Male) |
| 12:25 | Create | Villager (Male) |
| 12:28 | Create | Villager (Male) |
| 12:28 | Create | Villager (Male) |
| 12:31 | Build | Lumber Camp |
| 12:34 | Create | Villager (Male) |
| 12:38 | Create | Fishing Ship |
| 12:38 | Create | Fishing Ship |
| 12:43 | Create | Fishing Ship |
| 12:43 | Create | Fishing Ship |
| 12:43 | Create | Fishing Ship |
| 12:53 | Create | Villager (Male) |
Build order — bav_tarantula
First 150 of 245 actions detected
| 0:03 | Create | Villager (Male) |
| 0:05 | Create | Villager (Male) |
| 0:07 | Build | House |
| 0:12 | Build | House |
| 0:16 | Create | Villager (Male) |
| 0:34 | Create | Villager (Male) |
| 1:03 | Create | Villager (Male) |
| 1:10 | Research | Loom |
| 1:28 | Create | Villager (Male) |
| 1:37 | Create | Villager (Male) |
| 1:38 | Create | Villager (Male) |
| 2:01 | Create | Villager (Male) |
| 2:01 | Create | Villager (Male) |
| 2:11 | Create | Villager (Male) |
| 2:29 | Create | Villager (Male) |
| 2:42 | Create | Villager (Male) |
| 2:42 | Create | Villager (Male) |
| 2:45 | Build | Settlement |
| 2:56 | Create | Villager (Male) |
| 3:00 | Create | Villager (Male) |
| 3:16 | Create | Villager (Male) |
| 3:23 | Create | Villager (Male) |
| 3:24 | Create | Villager (Male) |
| 3:41 | Create | Villager (Male) |
| 3:42 | Create | Villager (Male) |
| 3:46 | Create | Villager (Male) |
| 4:11 | Create | Villager (Male) |
| 4:25 | Create | Villager (Male) |
| 4:27 | Create | Villager (Male) |
| 4:52 | Build | Dock |
| 5:02 | Create | Villager (Male) |
| 5:06 | Create | Villager (Male) |
| 5:06 | Create | Villager (Male) |
| 5:18 | Create | Villager (Male) |
| 5:19 | Create | Villager (Male) |
| 5:19 | Create | Villager (Male) |
| 5:35 | Build | Dock |
| 5:39 | Build | Palisade Wall |
| 5:47 | Create | Fishing Ship |
| 5:47 | Create | Fishing Ship |
| 5:53 | Create | Villager (Male) |
| 5:54 | Create | Villager (Male) |
| 5:54 | Create | Villager (Male) |
| 6:09 | Create | Villager (Male) |
| 6:16 | Create | Fishing Ship |
| 6:23 | Build | House |
| 6:32 | Create | Villager (Male) |
| 6:35 | Create | Villager (Male) |
| 6:45 | Create | Fishing Ship |
| 6:50 | Create | Fishing Ship |
| 7:20 | Create | Villager (Male) |
| 7:21 | Create | Villager (Male) |
| 7:24 | Build | Settlement |
| 7:33 | Build | House |
| 7:52 | Build | House |
| 7:53 | Build | House |
| 7:54 | Create | Villager (Male) |
| 7:54 | Create | Villager (Male) |
| 7:57 | Create | Fishing Ship |
| 7:57 | Create | Fishing Ship |
| 8:16 | Create | Fishing Ship |
| 8:17 | Create | Fishing Ship |
| 8:20 | Create | Villager (Male) |
| 8:41 | Research | Feudal Age |
| 8:42 | Research | Feudal Age |
| 8:44 | Create | Fishing Ship |
| 8:55 | Create | Fishing Ship |
| 8:56 | Create | Fishing Ship |
| 9:05 | Create | Villager (Male) |
| 9:06 | Create | Villager (Male) |
| 9:23 | Create | Fishing Ship |
| 9:24 | Create | Fishing Ship |
| 9:25 | Create | Fishing Ship |
| 9:25 | Create | Fishing Ship |
| 9:28 | Create | Villager (Male) |
| 9:49 | Build | Settlement |
| 9:55 | Build | Settlement |
| 10:01 | Create | Villager (Male) |
| 10:43 | Create | Fishing Ship |
| 10:43 | Create | Fishing Ship |
| 10:54 | Build | Palisade Wall |
| 10:55 | Build | Palisade Wall |
| 10:55 | Age | Feudal Age |
| 11:27 | Create | Villager (Male) |
| 11:28 | Create | Villager (Male) |
| 11:39 | Build | Market |
| 11:41 | Build | Blacksmith |
| 11:53 | Research | Double-Bit Axe |
| 11:59 | Create | Villager (Male) |
| 12:15 | Research | Scale Mail Armor |
| 12:38 | Research | Castle Age |
| 12:38 | Research | Castle Age |
| 12:54 | Create | Villager (Male) |
| 12:54 | Create | Villager (Male) |
| 12:56 | Create | Fishing Ship |
| 12:57 | Create | Fishing Ship |
| 12:57 | Create | Fishing Ship |
| 12:57 | Create | Fishing Ship |
| 12:58 | Create | Fishing Ship |
| 13:37 | Build | Outpost |
| 13:57 | Create | Villager (Male) |
| 14:05 | Build | Palisade Wall |
| 14:06 | Build | Palisade Wall |
| 14:09 | Build | Palisade Wall |
| 14:12 | Build | Palisade Wall |
| 14:14 | Build | Palisade Wall |
| 14:17 | Build | House |
| 14:23 | Build | House |
| 14:25 | Build | House |
| 14:36 | Build | Farm |
| 14:36 | Build | Farm |
| 14:37 | Build | Farm |
| 14:38 | Build | Farm |
| 14:46 | Build | Palisade Wall |
| 14:48 | Build | Palisade Wall |
| 15:05 | Research | Forging |
| 15:18 | Age | Castle Age |
| 15:20 | Build | Castle |
| 15:24 | Research | Chain Mail Armor |
| 15:25 | Create | Villager (Male) |
| 15:27 | Research | Wheelbarrow |
| 15:33 | Build | House |
| 15:37 | Build | Palisade Gate |
| 15:51 | Create | Fishing Ship |
| 15:51 | Create | Fishing Ship |
| 16:01 | Build | Palisade Gate |
| 16:03 | Build | House |
| 16:06 | Build | Palisade Wall |
| 16:08 | Build | Palisade Wall |
| 16:13 | Create | Villager (Male) |
| 16:14 | Create | Villager (Male) |
| 16:24 | Build | Palisade Wall |
| 16:26 | Build | Palisade Wall |
| 16:27 | Build | Palisade Wall |
| 16:34 | Build | House |
| 16:38 | Build | Palisade Wall |
| 16:40 | Create | Villager (Male) |
| 16:55 | Build | Farm |
| 16:56 | Build | Farm |
| 17:00 | Create | Kamayuk |
| 17:01 | Create | Kamayuk |
| 17:01 | Create | Kamayuk |
| 17:06 | Create | Kamayuk |
| 17:07 | Create | Kamayuk |
| 17:07 | Create | Kamayuk |
| 17:09 | Build | Farm |
| 17:10 | Create | Villager (Male) |
| 17:20 | Create | Villager (Male) |
| 17:20 | Create | Villager (Male) |
| 17:22 | Build | Farm |
Build order — Hash-
First 150 of 453 actions detected
| 0:05 | Create | Villager (Male) |
| 0:06 | Create | Villager (Male) |
| 0:07 | Build | House |
| 0:08 | Build | House |
| 0:12 | Build | House |
| 0:14 | Build | House |
| 0:27 | Create | Villager (Male) |
| 0:28 | Create | Villager (Male) |
| 0:29 | Create | Villager (Male) |
| 0:29 | Create | Villager (Male) |
| 1:27 | Create | Villager (Male) |
| 1:27 | Create | Villager (Male) |
| 1:28 | Create | Villager (Male) |
| 1:36 | Create | Villager (Male) |
| 1:37 | Create | Villager (Male) |
| 1:37 | Create | Villager (Male) |
| 1:59 | Research | Loom |
| 1:59 | Research | Loom |
| 2:00 | Research | Loom |
| 2:06 | Create | Villager (Male) |
| 2:06 | Create | Villager (Male) |
| 2:10 | Create | Villager (Male) |
| 2:11 | Create | Villager (Male) |
| 2:11 | Create | Villager (Male) |
| 2:45 | Build | Lumber Camp |
| 2:48 | Create | Villager (Male) |
| 2:49 | Create | Villager (Male) |
| 2:49 | Create | Villager (Male) |
| 2:49 | Create | Villager (Male) |
| 3:08 | Create | Villager (Male) |
| 3:09 | Create | Villager (Male) |
| 3:09 | Create | Villager (Male) |
| 3:25 | Create | Villager (Male) |
| 3:32 | Create | Villager (Male) |
| 3:32 | Create | Villager (Male) |
| 3:32 | Create | Villager (Male) |
| 3:36 | Create | Villager (Male) |
| 3:36 | Create | Villager (Male) |
| 3:36 | Create | Villager (Male) |
| 3:49 | Create | Villager (Male) |
| 3:49 | Create | Villager (Male) |
| 4:24 | Build | Mill |
| 4:25 | Create | Villager (Male) |
| 4:38 | Create | Villager (Male) |
| 4:39 | Create | Villager (Male) |
| 4:39 | Create | Villager (Male) |
| 5:01 | Create | Villager (Male) |
| 5:02 | Create | Villager (Male) |
| 5:03 | Create | Villager (Male) |
| 5:03 | Create | Villager (Male) |
| 5:07 | Create | Villager (Male) |
| 5:07 | Create | Villager (Male) |
| 5:07 | Create | Villager (Male) |
| 5:20 | Build | House |
| 5:55 | Build | Mill |
| 5:57 | Create | Villager (Male) |
| 6:23 | Create | Villager (Male) |
| 6:30 | Create | Villager (Male) |
| 6:38 | Research | Feudal Age |
| 6:38 | Research | Feudal Age |
| 6:49 | Build | Mining Camp |
| 7:04 | Build | House |
| 7:10 | Create | Villager (Male) |
| 7:27 | Create | Villager (Male) |
| 8:02 | Build | Barracks |
| 8:03 | Create | Villager (Male) |
| 8:10 | Build | House |
| 8:23 | Create | Villager (Male) |
| 8:42 | Age | Feudal Age |
| 8:43 | Create | Villager (Male) |
| 8:54 | Create | Villager (Male) |
| 9:04 | Build | Stable |
| 9:20 | Build | Blacksmith |
| 9:27 | Create | Villager (Male) |
| 9:40 | Create | Villager (Male) |
| 9:56 | Build | Farm |
| 10:14 | Research | Castle Age |
| 10:14 | Research | Castle Age |
| 10:32 | Build | Palisade Gate |
| 10:41 | Build | Farm |
| 10:43 | Build | Farm |
| 10:47 | Build | Farm |
| 11:05 | Create | Villager (Male) |
| 11:15 | Research | Double-Bit Axe |
| 11:16 | Research | Double-Bit Axe |
| 11:22 | Build | House |
| 11:33 | Create | Villager (Male) |
| 11:36 | Build | House |
| 11:39 | Build | House |
| 11:54 | Research | Horse Collar |
| 11:55 | Research | Horse Collar |
| 11:57 | Research | Bloodlines |
| 12:05 | Research | Forging |
| 12:05 | Research | Forging |
| 12:07 | Build | Farm |
| 12:08 | Build | Farm |
| 12:08 | Build | Farm |
| 12:08 | Build | Farm |
| 12:16 | Build | Lumber Camp |
| 12:39 | Age | Castle Age |
| 12:47 | Create | Knight |
| 12:53 | Create | Villager (Male) |
| 12:58 | Build | Farm |
| 12:58 | Build | Farm |
| 12:59 | Build | Farm |
| 12:59 | Build | Farm |
| 12:59 | Build | Farm |
| 13:04 | Build | House |
| 13:07 | Build | Farm |
| 13:07 | Create | Villager (Male) |
| 13:15 | Create | Villager (Male) |
| 13:19 | Build | Farm |
| 13:33 | Build | Mill |
| 13:36 | Create | Villager (Male) |
| 13:36 | Create | Villager (Male) |
| 13:46 | Create | Knight |
| 13:46 | Create | Knight |
| 13:46 | Create | Knight |
| 13:51 | Create | Villager (Male) |
| 14:04 | Research | Scale Barding Armor |
| 14:04 | Research | Scale Barding Armor |
| 14:25 | Create | Villager (Male) |
| 14:28 | Create | Villager (Male) |
| 14:33 | Build | Mill |
| 14:38 | Build | House |
| 14:41 | Create | Villager (Male) |
| 14:42 | Build | Farm |
| 14:43 | Build | Farm |
| 14:43 | Build | Farm |
| 14:43 | Build | Farm |
| 14:43 | Build | Farm |
| 14:43 | Build | Farm |
| 14:44 | Build | Farm |
| 14:44 | Build | Farm |
| 14:45 | Create | Villager (Male) |
| 14:48 | Create | Knight |
| 14:48 | Create | Knight |
| 14:48 | Create | Knight |
| 14:58 | Create | Villager (Male) |
| 15:03 | Create | Villager (Male) |
| 15:11 | Build | House |
| 15:13 | Build | House |
| 15:13 | Build | House |
| 15:26 | Create | Villager (Male) |
| 15:35 | Create | Knight |
| 15:38 | Create | Villager (Male) |
| 15:40 | Create | Villager (Male) |
| 15:44 | Create | Villager (Male) |
| 16:01 | Create | Villager (Male) |
| 16:03 | Create | Villager (Male) |
Build order — Seeage92
First 150 of 274 actions detected
| 0:02 | Research | Loom |
| 0:03 | Create | Villager (Male) |
| 0:03 | Create | Villager (Male) |
| 0:03 | Create | Villager (Male) |
| 0:05 | Build | House |
| 0:06 | Build | House |
| 0:35 | Build | Lumber Camp |
| 0:56 | Create | Villager (Male) |
| 0:56 | Create | Villager (Male) |
| 0:57 | Create | Villager (Male) |
| 1:15 | Create | Villager (Male) |
| 1:15 | Create | Villager (Male) |
| 1:30 | Create | Villager (Male) |
| 1:36 | Build | House |
| 1:49 | Create | Villager (Male) |
| 1:49 | Create | Villager (Male) |
| 2:04 | Create | Villager (Male) |
| 2:04 | Create | Villager (Male) |
| 2:05 | Create | Villager (Male) |
| 2:18 | Create | Villager (Male) |
| 2:18 | Create | Villager (Male) |
| 2:32 | Create | Villager (Male) |
| 2:32 | Create | Villager (Male) |
| 2:32 | Create | Villager (Male) |
| 2:37 | Build | House |
| 2:46 | Create | Villager (Male) |
| 2:46 | Create | Villager (Male) |
| 2:47 | Create | Villager (Male) |
| 2:59 | Create | Villager (Male) |
| 3:00 | Create | Villager (Male) |
| 3:00 | Create | Villager (Male) |
| 3:04 | Build | House |
| 3:13 | Create | Villager (Male) |
| 3:14 | Create | Villager (Male) |
| 3:14 | Create | Villager (Male) |
| 3:33 | Create | Villager (Male) |
| 3:33 | Create | Villager (Male) |
| 3:33 | Create | Villager (Male) |
| 4:01 | Build | House |
| 4:06 | Build | House |
| 4:08 | Create | Villager (Male) |
| 4:08 | Create | Villager (Male) |
| 4:08 | Create | Villager (Male) |
| 4:25 | Create | Villager (Male) |
| 4:26 | Create | Villager (Male) |
| 4:26 | Create | Villager (Male) |
| 4:34 | Build | House |
| 4:39 | Create | Villager (Male) |
| 4:39 | Create | Villager (Male) |
| 4:39 | Create | Villager (Male) |
| 4:46 | Build | Lumber Camp |
| 5:15 | Create | Villager (Male) |
| 5:16 | Create | Villager (Male) |
| 5:16 | Create | Villager (Male) |
| 5:22 | Build | House |
| 5:42 | Create | Villager (Male) |
| 5:42 | Create | Villager (Male) |
| 5:42 | Create | Villager (Male) |
| 5:51 | Build | Mill |
| 5:54 | Build | House |
| 6:03 | Build | Palisade Wall |
| 6:05 | Build | Palisade Wall |
| 6:14 | Create | Villager (Male) |
| 6:14 | Create | Villager (Male) |
| 6:18 | Build | Mill |
| 6:38 | Create | Villager (Male) |
| 6:38 | Create | Villager (Male) |
| 6:57 | Create | Villager (Male) |
| 6:57 | Create | Villager (Male) |
| 7:08 | Build | Mining Camp |
| 7:23 | Build | Mining Camp |
| 7:26 | Create | Villager (Male) |
| 7:26 | Create | Villager (Male) |
| 7:26 | Create | Villager (Male) |
| 7:34 | Build | House |
| 7:35 | Build | House |
| 7:39 | Build | Mining Camp |
| 8:10 | Create | Villager (Male) |
| 8:10 | Create | Villager (Male) |
| 8:21 | Create | Villager (Male) |
| 8:21 | Create | Villager (Male) |
| 8:50 | Research | Feudal Age |
| 8:50 | Research | Feudal Age |
| 9:00 | Create | Villager (Male) |
| 9:00 | Create | Villager (Male) |
| 9:38 | Create | Villager (Male) |
| 9:38 | Create | Villager (Male) |
| 10:24 | Create | Villager (Male) |
| 10:44 | Create | Villager (Male) |
| 10:44 | Create | Villager (Male) |
| 11:00 | Age | Feudal Age |
| 11:04 | Build | Market |
| 11:13 | Build | Blacksmith |
| 11:17 | Build | Palisade Wall |
| 11:22 | Build | House |
| 11:23 | Create | Villager (Male) |
| 11:23 | Create | Villager (Male) |
| 11:36 | Create | Villager (Male) |
| 11:36 | Create | Villager (Male) |
| 12:22 | Research | Castle Age |
| 12:22 | Research | Castle Age |
| 12:28 | Research | Horse Collar |
| 12:37 | Build | Farm |
| 12:38 | Build | Farm |
| 12:39 | Build | Farm |
| 12:42 | Build | Farm |
| 12:44 | Build | Farm |
| 12:45 | Build | Farm |
| 12:46 | Create | Villager (Male) |
| 12:47 | Create | Villager (Male) |
| 12:49 | Build | Farm |
| 12:49 | Build | Farm |
| 13:10 | Build | House |
| 13:15 | Build | Stone Wall |
| 13:16 | Create | Villager (Male) |
| 13:16 | Create | Villager (Male) |
| 13:19 | Build | Farm |
| 13:21 | Build | Farm |
| 13:25 | Build | Farm |
| 13:26 | Build | Farm |
| 13:43 | Build | House |
| 13:44 | Build | House |
| 13:51 | Research | Double-Bit Axe |
| 13:51 | Research | Double-Bit Axe |
| 14:02 | Create | Villager (Male) |
| 14:03 | Create | Villager (Male) |
| 14:25 | Build | Farm |
| 14:26 | Build | Farm |
| 14:29 | Build | Farm |
| 14:30 | Build | Farm |
| 14:40 | Research | Wheelbarrow |
| 15:02 | Age | Castle Age |
| 15:07 | Build | Castle |
| 15:10 | Create | Villager (Male) |
| 15:10 | Create | Villager (Male) |
| 15:19 | Build | House |
| 15:21 | Build | House |
| 15:25 | Research | Bow Saw |
| 15:25 | Research | Bow Saw |
| 15:30 | Build | Farm |
| 15:32 | Build | Farm |
| 15:33 | Build | Farm |
| 15:54 | Create | Villager (Male) |
| 16:29 | Research | Imperial Age |
| 16:29 | Research | Imperial Age |
| 16:38 | Build | Palisade Wall |
| 17:02 | Create | Villager (Male) |
| 17:02 | Create | Villager (Male) |
| 17:11 | Create | Plumed Archer |
| 17:12 | Create | Plumed Archer |
Match timeline
| 4:46 | Lauth3 · first_building Dock |
| 4:52 | bav_tarantula · first_building Dock |
| 5:39 | bav_tarantula · wall_segment Palisade Wall x7 |
| 5:44 | Jorge Garcia · first_building Dock |
| 6:03 | Seeage92 · wall_segment Palisade Wall x4 |
| 6:05 | Seeage92 · wall_segment Palisade Wall x3 |
| 6:43 | Lauth3 · wall_segment Palisade Wall x8 |
| 8:02 | Hash- · first_building Barracks |
| 8:11 | [BÜN] Mr. Grüezi · wall_segment Palisade Wall x10 |
| 8:42 | Hash- · age_up feudal |
| 9:04 | Hash- · first_building Stable |
| 9:08 | WonderHD11 · first_building Barracks |
| 9:43 | WonderHD11 · wall_segment Palisade Wall x1 |
| 9:46 | WonderHD11 · wall_segment Palisade Wall x3 |
| 9:51 | WonderHD11 · wall_segment Palisade Wall x1 |
| 9:52 | WonderHD11 · wall_segment Palisade Wall x1 |
| 9:55 | WonderHD11 · wall_segment Palisade Wall x3 |
| 9:58 | WonderHD11 · wall_segment Palisade Wall x1 |
| 10:07 | WonderHD11 · age_up feudal |
| 10:40 | Skorpiem · first_building Barracks |
| 10:40 | Jorge Garcia · first_building Barracks |
| 10:45 | Skorpiem · age_up feudal |
| 10:54 | bav_tarantula · wall_segment Palisade Wall x1 |
| 10:55 | bav_tarantula · wall_segment Palisade Wall x1 |
| 10:55 | bav_tarantula · age_up feudal |
| 11:00 | Seeage92 · age_up feudal |
| 11:17 | Seeage92 · wall_segment Palisade Wall x5 |
| 11:25 | Jorge Garcia · age_up feudal |
| 11:34 | [BÜN] Mr. Grüezi · age_up feudal |
| 11:41 | Jorge Garcia · first_building Stable |
| 11:45 | WonderHD11 · wall_segment Palisade Wall x1 |
| 12:10 | bav_tarantula · first_market_sell 100 food |
| 12:14 | Seeage92 · first_market_buy 100 food |
| 12:14 | Seeage92 · first_market_sell 100 wood |
| 12:18 | Lauth3 · age_up feudal |
| 12:19 | [BÜN] Mr. Grüezi · first_market_sell 100 stone |
| 12:39 | Hash- · age_up castle |
| 12:45 | WonderHD11 · first_building Stable |
| 13:15 | Seeage92 · wall_segment Stone Wall x1 |
| 13:19 | Skorpiem · wall_segment Palisade Wall x5 |
| 13:22 | Skorpiem · wall_segment Palisade Wall x3 |
| 13:22 | Lauth3 · first_building Barracks |
| 13:29 | Skorpiem · wall_segment Palisade Wall x3 |
| 14:05 | bav_tarantula · wall_segment Palisade Wall x1 |
| 14:06 | bav_tarantula · wall_segment Palisade Wall x1 |
| 14:09 | bav_tarantula · wall_segment Palisade Wall x1 |
| 14:12 | bav_tarantula · wall_segment Palisade Wall x1 |
| 14:14 | WonderHD11 · age_up castle |
| 14:14 | bav_tarantula · wall_segment Palisade Wall x1 |
| 14:17 | Skorpiem · wall_segment Palisade Wall x1 |
| 14:18 | Lauth3 · first_building Archery Range |
| 14:20 | Skorpiem · wall_segment Palisade Wall x7 |
| 14:32 | Lauth3 · wall_segment Palisade Wall x1 |
| 14:42 | Skorpiem · wall_segment Palisade Wall x7 |
| 14:46 | bav_tarantula · wall_segment Palisade Wall x5 |
| 14:48 | bav_tarantula · wall_segment Palisade Wall x1 |
| 15:02 | Seeage92 · age_up castle |
| 15:07 | Seeage92 · first_building Castle |
| 15:16 | Jorge Garcia · age_up castle |
| 15:18 | bav_tarantula · age_up castle |
| 15:20 | bav_tarantula · first_building Castle |
| 15:27 | [BÜN] Mr. Grüezi · age_up castle |
| 15:29 | WonderHD11 · wall_segment Palisade Wall x12 |
| 15:30 | [BÜN] Mr. Grüezi · first_building Castle |
| 15:33 | WonderHD11 · wall_segment Palisade Wall x6 |
| 15:38 | Skorpiem · age_up castle |
| 15:39 | Jorge Garcia · first_building Monastery |
| 15:49 | Skorpiem · first_building Castle |
| 15:55 | Lauth3 · age_up castle |
| 16:02 | Skorpiem · first_market_sell 100 stone |
| 16:06 | bav_tarantula · wall_segment Palisade Wall x1 |
| 16:08 | bav_tarantula · wall_segment Palisade Wall x1 |
| 16:24 | bav_tarantula · wall_segment Palisade Wall x1 |
| 16:26 | bav_tarantula · wall_segment Palisade Wall x1 |
| 16:27 | bav_tarantula · wall_segment Palisade Wall x1 |
| 16:36 | WonderHD11 · wall_segment Palisade Wall x5 |
| 16:38 | bav_tarantula · wall_segment Palisade Wall x1 |
| 16:38 | Seeage92 · wall_segment Palisade Wall x1 |
| 16:43 | WonderHD11 · first_market_buy 100 food |
| 17:19 | Skorpiem · first_market_buy 100 food |
| 17:43 | Seeage92 · wall_segment Palisade Wall x1 |
| 17:47 | Seeage92 · wall_segment Palisade Wall x1 |
| 17:49 | Seeage92 · wall_segment Palisade Wall x1 |
| 18:01 | Seeage92 · wall_segment Palisade Wall x1 |
| 18:13 | Skorpiem · wall_segment Stone Wall x5 |
| 18:18 | Skorpiem · wall_segment Stone Wall x5 |
| 18:24 | [BÜN] Mr. Grüezi · wall_segment Stone Wall x1 |
| 18:26 | [BÜN] Mr. Grüezi · wall_segment Stone Wall x1 |
| 18:27 | [BÜN] Mr. Grüezi · wall_segment Stone Wall x1 |
| 18:29 | [BÜN] Mr. Grüezi · wall_segment Stone Wall x4 |
| 18:31 | [BÜN] Mr. Grüezi · wall_segment Stone Wall x1 |
| 18:32 | bav_tarantula · wall_segment Palisade Wall x1 |
| 18:32 | [BÜN] Mr. Grüezi · wall_segment Stone Wall x3 |
| 18:38 | Skorpiem · wall_segment Stone Wall x6 |
| 18:38 | Lauth3 · first_building Stable |
| 18:49 | Lauth3 · wall_segment Palisade Wall x1 |
| 19:32 | Seeage92 · wall_segment Palisade Wall x1 |
| 19:39 | Seeage92 · age_up imperial |
| 19:54 | Seeage92 · wall_segment Palisade Wall x1 |
| 20:03 | bav_tarantula · first_market_buy 100 food |
| 20:37 | Skorpiem · age_up imperial |
| 20:45 | [BÜN] Mr. Grüezi · wall_segment Stone Wall x13 |
| 20:50 | [BÜN] Mr. Grüezi · wall_segment Stone Wall x8 |
| 21:05 | Skorpiem · wall_segment Stone Wall x4 |
| 21:08 | Lauth3 · first_building Monastery |
| 21:12 | Lauth3 · first_market_sell 100 food |
| 21:35 | Hash- · first_building Monastery |
| 21:36 | [BÜN] Mr. Grüezi · first_building Barracks |
| 21:56 | Skorpiem · wall_segment Stone Wall x3 |
| 22:03 | Skorpiem · wall_segment Stone Wall x2 |
| 22:13 | Skorpiem · wall_segment Stone Wall x5 |
| 22:14 | [BÜN] Mr. Grüezi · wall_segment Stone Wall x5 |
| 22:15 | Seeage92 · wall_segment Palisade Wall x1 |
| 22:17 | [BÜN] Mr. Grüezi · wall_segment Stone Wall x1 |
| 22:33 | [BÜN] Mr. Grüezi · first_building Stable |
| 23:15 | WonderHD11 · first_building Monastery |
| 23:22 | bav_tarantula · age_up imperial |
| 23:39 | Hash- · first_building Archery Range |
| 23:55 | Jorge Garcia · first_building Castle |
| 24:09 | Seeage92 · first_building Barracks |
| 24:23 | Jorge Garcia · first_building Archery Range |
| 24:25 | Hash- · first_market_sell 500 food |
| 24:28 | Jorge Garcia · wall_segment Stone Wall x4 |
| 24:39 | [BÜN] Mr. Grüezi · age_up imperial |
| 24:45 | Lauth3 · age_up imperial |
| 24:54 | Seeage92 · first_building Archery Range |
| 25:07 | Jorge Garcia · wall_segment Stone Wall x5 |
| 25:18 | bav_tarantula · first_building Barracks |
| 25:27 | Hash- · age_up imperial |
| 25:58 | Jorge Garcia · age_up imperial |
| 27:07 | WonderHD11 · age_up imperial |
| 27:26 | Lauth3 · first_building Castle |
| 28:55 | bav_tarantula · wall_segment Stone Wall x1 |
| 28:58 | bav_tarantula · wall_segment Stone Wall x4 |
| 28:59 | bav_tarantula · wall_segment Stone Wall x4 |
| 29:00 | bav_tarantula · wall_segment Stone Wall x1 |
| 29:32 | Jorge Garcia · first_market_sell 100 wood |
| 29:36 | bav_tarantula · wall_segment Stone Wall x1 |
| 29:40 | bav_tarantula · wall_segment Stone Wall x1 |
| 30:17 | bav_tarantula · resign |
[ AI ANALYSIS · 1 CREDIT ]
What really happened in this match?
Wolo.gg analyzes every decision: build order, eco, micro, common mistakes by bracket. Personalized analysis on WhatsApp or Discord in 30 seconds.
Civ guide
Hindustanis
Perfil
Jorge Garcia